 Dungeon Crawl Stone Soup version 0.26.1-11-gd32895ea62 (webtiles) character file.

Game seed: 12162048672912878070

15 Almogavar the Magician (level 2, -1/19 HPs)
             Began as a Demonspawn Hedge Wizard on May 14, 2021.
             Slain by a hobgoblin
             ... wielding a +0 club
              (3 damage)
             ... on level 1 of the Dungeon.
             The game lasted 00:02:28 (914 turns).

Almogavar the Magician (Demonspawn Hedge Wizard)     Turns: 914, Time: 00:02:28

Health: -1/19      AC:  2    Str: 10    XL:     2   Next: 34%
Magic:  6/6        EV: 12    Int: 15    God:
Gold:   42         SH:  0    Dex: 12    Spells: 7/8 levels left

rFire    . . .     SeeInvis .   a - +0 dagger
rCold    + . .     Faith    .   (no shield)
rNeg     . . .     Spirit   .   b - +0 robe
rPois    .         Reflect  .   c - +0 hat
rElec    .         Harm     .   (no cloak)
rCorr    .         Rampage  .   (no gloves)
Will     .....                  (no boots)
Stlth    ++........             (no amulet)
HPRegen  0.06/turn              h - ring of protection from cold
MPRegen  0.10/turn              (no ring)

@: no status effects
A: horns 1
a: no special abilities


You were on level 1 of the Dungeon.
You visited 1 branch of the dungeon, and saw 1 of its levels.

You collected 42 gold pieces.

Inventory:

Hand Weapons
 a - a +0 dagger (weapon)
Armour
 b - a +0 robe (worn)
 c - a +0 hat (worn)
Jewellery
 h - a ring of protection from cold (left hand)
Scrolls
 e - a scroll of enchant armour {unknown}
 g - a scroll of identify {unknown}
Potions
 d - a potion of resistance {unknown}
 f - a potion of might {unknown}
 i - a potion of brilliance {unknown}


   Skills:
 + Level 0.1 Fighting
 + Level 1.8 Dodging
 + Level 2.0 Stealth
 + Level 3.5 Spellcasting
 + Level 1.0 Conjurations
 + Level 1.0 Summonings
 + Level 0.8 Translocations


You had 7 spell levels left.
You knew the following spells:

 Your Spells              Type           Power        Failure   Level
a - Magic Dart            Conj           20%          13%         1

Your spell library contained the following spells:

 Spells                   Type           Power        Failure   Level
 Call Imp                 Summ           5%           19%         2
 Blink                    Tloc           N/A          21%         2
 Slow                     Hex            2%           28%         2
 Conjure Flame            Conj/Fire      4%           43%         3
 Mephitic Cloud           Conj/Pois/Air  3%           45%         3


Dungeon Overview and Level Annotations

Branches:
Dungeon (1/15)

Altars:


Innate Abilities, Weirdness & Mutations

You have a pair of small horns on your head.


Message History

You hit the hobgoblin.
The hobgoblin is heavily wounded.
The hobgoblin hits you but does no damage.
The hobgoblin misses you.
You hit the hobgoblin but do no damage.
The hobgoblin is heavily wounded.
The hobgoblin closely misses you. The hobgoblin misses you.
You hit the hobgoblin but do no damage.
The hobgoblin is heavily wounded.
The hobgoblin barely misses you.
You hit the hobgoblin but do no damage.
The hobgoblin is heavily wounded.
The hobgoblin barely misses you. The hobgoblin hits you with a +0 club.
You are too injured to fight recklessly!
You hit the hobgoblin.
The hobgoblin is heavily wounded.
The hobgoblin hits you with a cursed +0 club.
* * * LOW HITPOINT WARNING * * *
The hobgoblin hits you with a +0 club.
You die...

#..........#####
#...............
#...........#####
#.......>..........# .###
#..[.).....)######.##....
....b........#....#.....#
#....#####...b#....#.....#
#...? #######g#....#.....#
#.... #......g@....#.....#
.. #..................#
#.........†........#
#....(.............#
#........####.###..#
#........# ...# ##)# ...
###########.### #.# ... #.
#.###.# # #..##.#


You could see 2 hobgoblins and a bat.

Vanquished Creatures
  A dart slug (D:1)
  2 hobgoblins (D:1)
  2 bats (D:1)
  3 frilled lizards (D:1)
  3 goblins (D:1)
  A kobold (D:1)
  3 rats (D:1)
15 creatures vanquished.

Notes
Turn   | Place    | Note
-------+----------+-------------------------------------------
     0 | D:1      | Almogavar the Demonspawn Hedge Wizard began the quest for
                  | the Orb.
     0 | D:1      | Reached XP level 1. HP: 13/13 MP: 4/4
   740 | D:1      | Gained mutation: You have a pair of small horns on your
                  | head. [demonic ancestry]
   740 | D:1      | Reached XP level 2. HP: 18/19 MP: 6/6
   914 | D:1      | Slain by a hobgoblin

Illustrated notes

Levels and vault maps discovered:
D:1:      lemuel_arrival_behind_the_door_small, layout_basic

Skill      XL: |  1  2 |
---------------+-------+-----
Stealth        | 2 |  2.0
Fighting       | |  0.1
Dodging        | |  1.8
Spellcasting   | |  3.5
Conjurations   | |  1.0
Summonings     | |  1.0
Translocations | |  0.8

Action                   || total
-------------------------++-------
Melee: Dagger            ||    77
       Headbutt          ||     4
Armor: Robe              ||    15
Dodge: Dodged            ||    39
